 Dungeon Crawl Stone Soup version 0.26.1-2-gb8aa6d0cf2 (webtiles) character file.

Game seed: 16106299366467825876

163 hawla the Conjurer (level 5, -5/29 HPs)
             Began as a Deep Elf Conjurer on Feb 24, 2021.
             Slain by an orc
             ... wielding a +2 morningstar of protection
              (11 damage)
             ... on level 3 of the Dungeon on Feb 25, 2021.
             The game lasted 00:06:41 (3031 turns).

hawla the Conjurer (Deep Elf Conjurer)              Turns: 3031, Time: 00:06:41

Health: -5/29      AC:  4    Str:  4    XL:     5   Next: 20%
Magic:  2/13       EV: 13    Int: 24    God:
Gold:   125        SH:  0    Dex: 13    Spells: 5/12 levels left

rFire    . . .     SeeInvis .   b - +2 short sword (speed)
rCold    . . .     Faith    .   (no shield)
rNeg     . . .     Spirit   .   a - +0 robe
rPois    .         Reflect  .   (no helmet)
rElec    .         Harm     .   (no cloak)
rCorr    .         Rampage  .   e - +1 pair of gloves
Will     .....                  (no boots)
Stlth    ++........             (no amulet)
HPRegen  0.09/turn              (no ring)
MPRegen  0.13/turn              (no ring)

@: very slightly contaminated
A: no striking features
a: no special abilities


You were on level 3 of the Dungeon.
You visited 1 branch of the dungeon, and saw 3 of its levels.

You collected 125 gold pieces.

Inventory:

Hand Weapons
 b - a +2 short sword of speed (weapon)
Armour
 a - a +0 robe (worn)
 e - a +1 pair of gloves (worn)
Jewellery
 g - an uncursed amulet of faith
 h - an uncursed amulet of magic regeneration {unknown}
Scrolls
 d - 2 scrolls of teleportation
 f - 2 scrolls of identify
 i - a scroll of blinking {unknown}
 j - a scroll of amnesia {unknown}
 l - a scroll of fog {unknown}
Potions
 c - a potion of curing
 k - a potion of invisibility {unknown}
 m - a potion of attraction {unknown}
 n - a potion of might {unknown}


   Skills:
 + Level 1.0 Fighting
 - Level 1.0 Throwing
 + Level 3.0 Dodging
 - Level 3.0 Stealth
 + Level 4.0 Spellcasting
 + Level 5.0 Conjurations
 - Level 1.0 Necromancy
 + Level 1.0 Translocations
 - Level 1.0 Transmutations
 + Level 1.0 Fire Magic
 - Level 1.0 Earth Magic
 - Level 1.0 Evocations


You had 5 spell levels left.
You knew the following spells:

 Your Spells              Type           Power        Failure   Level
a - Magic Dart            Conj           100%         1%          1
b - Searing Ray           Conj           56%          1%          2
c - Iskenderun's Mystic   Conj/Tloc      19%          28%         4

Your spell library contained the following spells:

 Spells                   Type           Power        Failure   Level
 Dazzling Flash           Conj/Hex       32%          11%         3
 Fulminant Prism          Conj/Hex       8%           34%         4


Dungeon Overview and Level Annotations

Branches:
Dungeon (3/15)

Altars:
Elyvilon


Message History

The orc hits you with a +2 morningstar of protection.
The searing ray misses the orc.
The searing ray hits the kobold!
You kill the kobold!
The orc hits you with a +2 morningstar of protection!
Casting: Searing Ray (safe; 1% risk of failure)
Confirm with . or Enter, or press ? or * to list all spells.
The spell is extremely dangerous to cast (28% risk of failure)!
Continue anyway?
You miscast Iskenderun's Mystic Blast.
You are very lightly contaminated with residual magic.
Nothing appears to happen.
The orc hits you with a +2 morningstar of protection!
* * * LOW HITPOINT WARNING * * *
Casting: Iskenderun's Mystic Blast (extremely dangerous; 28% risk of failure)
Confirm with . or Enter, or press ? or * to list all spells.
The spell is extremely dangerous to cast (28% risk of failure)!
Continue anyway?
You erupt in a blast of force!
The mystic blast hits the orc but does no damage.
The orc is lightly wounded.
The orc hits you with a +2 morningstar of protection!
You die...

##.........
#...
#.........
+..#
#.........
#..#
#.........
#..+
#.........
#..#
#####........
#...
#............
....
#............
....
#..@.......##
#####
#..o.....###
#........#
#..(..)..#
#........#
#........#
#........#
##########


You could see an orc.

Vanquished Creatures
  An orc priest (D:3)
  5 adders
  3 oozes
  3 dart slugs
  4 leopard geckos
  3 orcs (D:3)
  5 bats
  2 giant cockroaches
  7 goblins
  5 hobgoblins
  6 jackals
  11 kobolds
  3 ball pythons
  2 frilled lizards (D:1)
  6 rats
66 creatures vanquished.

Vanquished Creatures (others)
  A plant (D:3)
1 creature vanquished.

Grand Total: 67 creatures vanquished

Notes
Turn   | Place    | Note
-------+----------+-------------------------------------------
     0 | D:1      | hawla the Deep Elf Conjurer began the quest for the Orb.
     0 | D:1      | Reached XP level 1. HP: 10/10 MP: 6/6
   315 | D:1      | Reached XP level 2. HP: 15/15 MP: 4/8
   318 | D:1      | Learned a level 2 spell: Searing Ray
   988 | D:1      | Reached XP level 3. HP: 19/19 MP: 6/9
  1892 | D:2      | Reached skill level 1 in Throwing
  1892 | D:2      | Reached skill level 1 in Transmutations
  1892 | D:2      | Reached XP level 4. HP: 24/24 MP: 6/10
  1896 | D:2      | Reached skill level 1 in Necromancy
  1993 | D:2      | Found a white marble altar of Elyvilon.
  2193 | D:2      | Reached skill level 1 in Evocations
  2350 | D:3      | Reached skill level 1 in Fire Magic
  2350 | D:3      | Reached skill level 1 in Earth Magic
  2454 | D:3      | Learned a level 4 spell: Iskenderun's Mystic Blast
  2570 | D:3      | Reached skill level 1 in Translocations
  2779 | D:3      | Reached skill level 1 in Fighting
  2878 | D:3      | Reached skill level 5 in Conjurations
  2878 | D:3      | Reached XP level 5. HP: 29/29 MP: 6/13
  3031 | D:3      | Slain by an orc

Illustrated notes

Levels and vault maps discovered:
D:1:      dpeg_arrival_tiny_j, layout_basic
D:2:      layout_basic, elyvilon_altar_1
D:3:      corexii_shack_village, layout_basic, kennysheep_cross_room

Skill      XL: |  1  2  3  4 |
---------------+-------------+-----
Throwing       | 1 |  1.0
Transmutations | 1 |  1.0
Necromancy     | 1 |  1.0
Evocations     | 1 |  1.0
Dodging        | 3 |  3.0
Fire Magic     | 1 |  1.0
Earth Magic    | 1 |  1.0
Translocations | 1 |  1.0
Fighting       | 1 |  1.0
Stealth        | 3 |  3.0
Spellcasting   | 4 |  4.0
Conjurations   | 5 |  5.0

Action                   |  1- 3 |  4- 6 || total
-------------------------+-------+-------++-------
Melee: Short sword       |    11 |     4 ||    15
 Cast: Magic Dart        |    28 |    12 ||    40
       Searing Ray       |    18 |    18 ||    36
       Iskenderun's Myst |       |     2 ||     2
  Use: Scroll            |     3 |       ||     3
Armor: Robe              |     3 |     2 ||     5
Dodge: Dodged            |    15 |     6 ||    21
